Map: Kairos Junction LE

Players

SortOf

  • Race: Zerg Zerg
  • Spawn Location: 11:00

Nerchio - Winner!

  • Race: Zerg Zerg
  • Spawn Location: 5:00

Event: 2019 WCS Spring

VOD

Have the link to the VOD?

Description

Time

  • Played on: May 17, 2019, 7:09 a.m.
  • Length: 7:03

All games in this series

Show
View Real Time Build Order
Export as new Build Order

SortOf Zerg 

Build Orders: Pool First 

Get SALT Encoding   

  12  0:17  Spawning Pool  
  11  0:22  Drone  
  11  0:27  Drone  
  13  0:32  Drone  
  14  0:41  Overlord  
  14  1:04  Zergling x4  
  16  1:05  Zergling x2  
  17  1:15  Zergling x2  
  18  1:19  Hatchery  
  17  1:26  Zergling x2  
  18  1:37  Drone  
  18  1:39  Queen  
  19  1:48  Drone  
  19  1:59  Drone  
  20  2:01  Extractor  
  19  2:10  Drone  
  20  2:18  Queen  
  21  2:23  Drone  
  22  2:30  Queen  
  22  2:32  Zergling x2  
  22  2:33  Drone  
  26  2:44  Drone x2  
  28  2:49  Overlord  
  28  2:52  Overlord  
  28  3:04  Metabolic Boost  
  28  3:10  Drone x4  
  28  3:11  Drone  
  33  3:15  Drone  
  35  3:20  Drone x2  
  35  3:22  Drone  
  37  3:30  Drone  
  37  3:31  Zergling x4  
  40  3:36  Zergling x4  
  40  3:40  Drone x2  
  44  3:47  Overlord  
  44  3:49  Overlord  
  44  4:00  Hatchery  
  43  4:05  Drone x4  
  46  4:10  Evolution Chamber  
  46  4:11  Drone  
  46  4:13  Drone  
  46  4:16  Drone x2  
  49  4:18  Drone  
  49  4:20  Drone  
  51  4:29  Roach Warren  
  50  4:31  Drone x2  
  51  4:40  Zerg Ground Armor Level 1  
  51  4:45  Drone x5  
  51  4:48  Overlord  
  51  4:49  Extractor x2  
  49  4:55  Overlord, Drone x2  
  50  5:03  Drone x3  
  50  5:06  Lair  
  54  5:14  Zergling x6  
  54  5:20  Zergling x8  
  60  5:26  Roach x2  
  60  5:28  Roach x3  
  70  5:38  Roach x3  
  75  5:49  Roach x4  
  81  5:51  Overlord  
  80  5:58  Drone  
  80  5:59  Drone  
  77  6:08  Drone x7  
  81  6:15  Roach x2  
  83  6:20  Zergling x2, Drone x2  
  83  6:22  Roach  
  83  6:24  Roach, Extractor  
  83  6:25  Overlord x2  
  89  6:29  Overlord  
  89  6:34  Overlord, Extractor  
Show
View Real Time Build Order
Export as new Build Order

Nerchio Zerg - Winner!

Build Orders: Pool First 

Get SALT Encoding   

  12  0:17  Spawning Pool  
  11  0:21  Drone  
  11  0:26  Drone  
  13  0:31  Drone  
  14  0:39  Overlord  
  14  1:04  Zergling x4  
  16  1:05  Zergling x2  
  17  1:15  Zergling x2  
  18  1:19  Hatchery  
  17  1:26  Zergling x2  
  18  1:34  Queen  
  18  1:37  Drone  
  19  1:49  Drone  
  20  1:58  Drone  
  21  2:09  Overlord  
  21  2:13  Extractor, Queen  
  22  2:28  Drone  
  23  2:30  Queen  
  23  2:32  Drone x2  
  27  2:41  Drone x3  
  30  2:44  Drone  
  30  2:45  Drone  
  32  2:53  Overlord  
  32  2:56  Drone  
  33  3:04  Extractor  
  33  3:05  Extractor, Drone x2  
  33  3:10  Evolution Chamber  
  32  3:13  Drone  
  32  3:16  Drone  
  34  3:21  Drone x3  
  37  3:29  Drone  
  37  3:30  Roach Warren  
  37  3:32  Drone  
  38  3:38  Overlord  
  38  3:39  Drone  
  39  3:42  Drone  
  39  3:43  Drone  
  39  3:47  Overlord  
  41  3:52  Zerg Missile Weapons Level 1  
  42  3:55  Drone  
  42  4:03  Drone x3  
  42  4:04  Drone x2  
  42  4:07  Extractor  
  46  4:12  Lair  
  46  4:16  Drone x2  
  48  4:21  Drone x2  
  50  4:27  Evolution Chamber  
  50  4:28  Roach x2  
  53  4:32  Roach  
  53  4:38  Roach  
  55  4:47  Roach x2  
  55  4:48  Overlord  
  60  4:58  Overlord  
  60  5:04  Hatchery, Overlord  
  60  5:05  Overlord  
  59  5:08  Roach x3  
  59  5:10  Glial Reconstitution  
  65  5:16  Roach  
  67  5:27  Drone x2  
  67  5:28  Drone  
  70  5:29  Extractor  
  70  5:30  Drone  
  70  5:34  Drone x3  
  70  5:35  Drone x2  
  75  5:42  Roach  
  77  5:45  Roach  
  79  5:53  Overlord  
  77  5:59  Roach  
  77  6:00  Roach x6  
  89  6:13  Roach x2  
  93  6:21  Queen  
  93  6:23  Drone x2  
  93  6:24  Spire  
  93  6:25  Drone  
  97  6:26  Drone  
  97  6:27  Drone  
  97  6:30  Overlord  
  99  6:35  Extractor  
  99  6:39  Overlord  
Tags
 
Add a new tag
Caveats
  • Supply blocks, unpowered buildings, or Contaminate may cause inaccurate times.
  • Supply counts are checked every 10 seconds.